Unix NetHack Version 3.7.0-95 Work-in-progress - last build Jan 1 2024 20:51:50 (6a0ccc5fa2390e420dd2d488a2f9488d2ae3a63b,branch:master). Game began 2024-01-04 10:55:50, ended 2024-01-04 10:59:49. Arasaka, chaotic female elven Ranger ------ ------- ----------- #+....| |.%=!%| |.........-#### #|.(..| |.=?!?| ..........| ## #.....| |.%*[%| |........<| #####|.....#######|.="%[| -+--------- #####.....| #-.=%!%| #------ ------- # # # --+------------# |..............# |..(..........| |@............| |.............| |.............| --------------- Arasaka the Tenderfoot St:14 Dx:11 Co:16 In:13 Wi:13 Ch:8 Chaotic Dlvl:3 $:26 HP:20(20) Pw:12(12) AC:8 Xp:2/34 T:834 Latest messages: i - 2 purple-red potions (4 in total). You put a turquoise spellbook into the chest. You put a spellbook of haste self into the chest. You put a cloudy potion into the chest. You put a pink potion into the chest. You put a purple-red potion into the chest. You put 4 purple-red potions into the chest. You put a purple-red potion into the chest. You put an agate ring into the chest. That door is closed. That door is closed. This door is locked. Kick it? [ynq] (q) Whammm!! This door is locked. Kick it? [ynq] (q) As you kick the door, it crashes open! You see here a chest. Hmmm, the chest turns out to be locked. There is a locked chest here; force its lock? [ynq] (q) You force your dagger into a crack and pry. You succeed in forcing the lock. s - a scroll labeled FOOBIE BLETCH. t - a scroll labeled GHOTI. u - a scroll labeled STRC PRST SKRZ KRK. v - a purple-red potion. w - an iron wand. x - a red gem. y - a yellowish brown gem. $ - 9 gold pieces (26 in total). What do you want to write with? [- b-dkqw-y or ?*] You write in the dust with your fingertip. What do you want to write with? [- b-dkqw-y or ?*] Do you want to add to the current engraving? [ynq] (y) You add to the writing in the dust with an iron wand. The floor is riddled by bullet holes! What do you want to call? [ns-y or ?*] What do you want to read? [stu or ?*] As you read the scroll, it disappears. Your cloak crumbles and turns to dust! You sure are noisy. What do you want to read? [tu or ?*] As you read the scroll, it disappears. You are being punished for your misbehavior! What do you want to read? [u or ?*] As you read the scroll, it disappears. Your iron skull cap glows silver for a moment. You hear the chime of a cash register. # Really quit? [yn] (n) Inventory: Coins ('$') $ - 26 gold pieces Weapons (')') c - 56 uncursed +2 elven arrows (in quiver) d - 30 uncursed +0 elven arrows b - an uncursed +1 elven bow q - an uncursed +0 dagger (weapon in right hand) Armor ('[') n - a blessed +1 orcish helm (being worn) Comestibles ('%') m - an uncursed food ration f - 5 uncursed lembas wafers Potions ('!') v - an uncursed potion of healing Rings ('=') k - an uncursed ring of levitation Wands ('/') w - a blessed wand of magic missile (0:5) Gems/Stones ('*') x - an uncursed worthless piece of red glass y - an uncursed worthless piece of yellowish brown glass Arasaka the Ranger's attributes: Background: You were a Tenderfoot, a level 2 female elven Ranger. You were chaotic, on a mission for Mars who was opposed by Mercury (lawful) and Venus (neutral). You were right-handed. You were in the Dungeons of Doom, on level 3. You entered the dungeon 834 turns ago. You had 34 experience points, 6 more were needed to attain level 3. Basics: You had all 20 hit points. You had all 12 energy points (spell power). Your armor class was 8. Your wallet contained 26 zorkmids. Autopickup was on for '$"?' plus thrown, with exceptions. Final Characteristics: Your strength was 14 (limit:18). Your dexterity was 11 (limit:18). Your constitution was 16 (limit:16). Your intelligence was 13 (limit:20). Your wisdom was 13 (limit:20). Your charisma was 8 (limit:18). Final Status: You were chained to a heavy iron ball. You weren't hungry. You were unencumbered. You were wielding a dagger. You had basic skill with dagger. Final Attributes: You were fervently aligned. You had automatic searching. You had infravision. You survived. Miscellaneous: You disabled loading of bones levels. Total elapsed playing time was 3 minutes and 58 seconds. Major events: Turn 1: Arasaka the chaotic female elven Ranger entered the dungeon 385: entered the Gnomish Mines 834: quit Vanquished creatures: a hobbit 2 goblins 2 grid bugs 2 lichens 5 newts 12 creatures vanquished. No species were genocided or became extinct. Voluntary challenges: You were an atheist. You read items or engraved 6 times. You never engraved Elbereth. You never genocided any monsters. You never polymorphed an object. You never changed form. You used no wishes. Achievements: You entered the Gnomish Mines. You entered a shop. The Dungeons of Doom: levels 1 to 3 Level 1: A fountain. Level 2: Stairs down to The Gnomish Mines. Level 3: "s" <- You were here. The Gnomish Mines: Level 3: Goodbye Arasaka the Ranger... You quit in The Dungeons of Doom on dungeon level 3 with 292 points, and 26 pieces of gold, after 834 moves. You were level 2 with a maximum of 20 hit points when you quit.